 Dungeon Crawl Stone Soup version 0.21.0-3-g78d12a8 (webtiles) character file.

111 Monsterracer the Poker (level 4, 0/32 HPs)
             Began as a Merfolk Air Elementalist on Jan 9, 2018.
             Slain by an orc
             ... wielding a cursed -2 flail
              (1 damage)
             ... on level 5 of the Dungeon.
             The game lasted 00:06:18 (4255 turns).

Monsterracer the Poker (Merfolk Air Elementalist)   Turns: 4255, Time: 00:06:19

Health: 0/32       AC: 10    Str: 12    XL:     4   Next: 92%
Magic:  7/7        EV: 12    Int: 14    God:
Gold:   157        SH:  0    Dex: 14    Spells: 4/7 levels left

rFire    . . .     SeeInvis +   a - +1 spear
rCold    . . .     Gourm    .   (no shield)
rNeg     . . .     Faith    .   j - +0 ring mail
rPois    .         Spirit   .   (no helmet)
rElec    .         Reflect  .   q - +0 cloak
rCorr    .         Harm     .   x - +2 pair of gloves {Str+3}
MR       .....                  i - +0 pair of boots
Stlth    +.........             (no amulet)
HPRegen  0.10/turn              g - ring of flight
MPRegen  0.10/turn              l - ring of see invisible

@: very slightly contaminated
A: change form in water, swift swim, stealthy swim
a: Evoke Flight


You were on level 5 of the Dungeon.
You were not hungry.

You visited 1 branch of the dungeon, and saw 5 of its levels.

You collected 157 gold pieces.

Inventory:

Hand Weapons
 a - a +1 spear (weapon)
Missiles
 d - 7 tomahawks (quivered)
Armour
 i - a +0 pair of boots (worn)
 j - a +0 ring mail (worn)
 q - a +0 cloak (worn)
 v - a +0 scale mail
 x - a +2 pair of gloves of strength (worn)
Jewellery
 g - a ring of flight (left hand)
 l - a ring of see invisible (right hand)
 u - an uncursed ring of ice
Scrolls
 m - 2 scrolls of remove curse
 p - a scroll of enchant weapon
Potions
 b - 2 potions of mutation {unknown}
 e - a potion of haste {unknown}
 f - 2 potions of resistance {unknown}
 h - 2 potions of flight {unknown}
 k - a potion of agility {unknown}
 o - 2 potions of cancellation
 s - 2 potions of heal wounds
 t - a potion of lignification {unknown}
 w - a potion of magic {unknown}
 z - a potion of might {unknown}
Comestibles
 c - 8 rations


   Skills:
 + Level 1.4 Fighting
 * Level 4.3 Polearms
 - Level 2.0 Throwing
 + Level 3.3 Dodging
 - Level 2.1 Stealth
 - Level 2.0 Spellcasting
 - Level 0.7 Conjurations
 - Level 2.4 Air Magic


You had 4 spell levels left.
You knew the following spells:

 Your Spells              Type           Power        Failure   Level  Hunger
a - Shock                 Conj/Air       #...         28%         1    ##.....
b - Swiftness             Chrm/Air       #.......     45%         2    ###....


Dungeon Overview and Level Annotations

Branches:
Dungeon (5/15)
 Temple: D:4-7

Altars:

Annotations:
D:4 Eustachio; othur's ghost, amateur GrFi
D:5 wazuzu's ghost, novice DsMo


Message History

The orc is severely wounded.
The orc hits you with a club.
You take 2 damage, and have 25/32 hp.
You barely miss the orc.
The orc is severely wounded.
You hit the orc but do no damage.
The orc is severely wounded.
The orc hits you but does no damage.
You closely miss the orc.
The orc is severely wounded.
The orc hits you with a club.
You take 3 damage, and have 22/32 hp.
You closely miss the orc.
The orc is severely wounded.
The orc hits you with a club.
You take 1 damage, and have 21/32 hp.
You are too injured to fight recklessly!
You closely miss the orc.
The orc is severely wounded.
The orc hits you but does no damage.
You hit the orc.
The orc is almost dead.
You barely miss the orc.
The orc is almost dead.
The orc hits you with a club.
You take 3 damage, and have 19/32 hp.
You hit the orc.
You kill the orc!
You closely miss the orc. The orc closely misses you.
You hit the orc.
The orc is almost dead.
Wazuzu's ghost (novice Demonspawn Monk) comes into view.
You closely miss the orc.
The orc is almost dead.
Wazuzu's ghost turns its malevolent gaze towards you.
The orc misses you.
You hit the orc.
You kill the orc!
An orc comes into view.
The orc shouts!
You see here a robe.
A worm comes into view.
The adder hisses angrily.
The adder bites you but does no damage. The adder closely misses you.
The adder barely misses you. The adder bites you.
You take 2 damage, and have 18/32 hp.
A crimson imp and a zombie come into view.
The adder bites you but does no damage. The worker ant zombie bites you.
* * * LOW HITPOINT WARNING * * *
You take 4 damage, and have 14/32 hp.
The adder closely misses you. The crimson imp completely misses you.
The crimson imp blinks!
You hit the crimson imp.
The crimson imp is moderately wounded.
The adder barely misses you. The crimson imp barely misses you.
The adder barely misses you.
The crimson imp blinks!
The adder bites you but does no damage. The worker ant zombie bites you.
* * * LOW HITPOINT WARNING * * *
You take 1 damage, and have 14/32 hp.
The crimson imp blinks!
The worker ant zombie bites you.
* * * LOW HITPOINT WARNING * * *
You take 3 damage, and have 11/32 hp.
An iguana comes into view.
All of the chunks of flesh in your inventory have rotted away.
An orc comes into view.
Blink to where?
Press: ? - help, Dir - move target cursor You are very lightly contaminated with residual magic.
As you read the scroll of blinking, it crumbles to dust.
An orc and 2 orc wizards come into view.
The orc wizard shouts!
The orc shouts!
The orc wizard closely misses you.
You hear a bark!
Found a ration.
Found a stone staircase leading up.
The orc closely misses you. The orc wizard barely misses you.
The orc wizard points at you and mumbles some strange words.
The magic dart hits you!
A jackal skeleton comes into view.
The orc wizard hits you but does no damage.
The orc hits you but does no damage. The orc wizard casts a spell at you.
The puff of flame hits you!
* * * LOW HITPOINT WARNING * * *
The orc barely misses you.
You take 3 damage, and have 9/32 hp.
A hound comes into view.
The hound barks!
You hear a shout!
The orc barely misses you.
There is a stone staircase leading up here.
The hound bites you but does no damage. The jackal skeleton closely misses you.
The orc wizard barely misses you.
The orc wizard points at you and mumbles some strange words.
The puff of flame hits you!
* * * LOW HITPOINT WARNING * * *
The orc hits you with a flail.
You die...

*,*#o# *.,** **,*******,,,,,
*,*#S# *.## **,,,,,,,,,,,, *,*#.#
*#.## **,**********,,
*,*#.#########..###,** **,*
*,*#S..Z.l.....#.#.** *,**
*,*###########l.#.#* *,* *,*
##.##.# **,** *,* ##.oo#h# *,,,*
*>* #...o@.#**** **,**,
*,*********#...oZ.....# *,,,,,
*,,,,,,,...........##.#*****,,**,
********#####......#*,,,,,,,,,,,,
##.......,,,,,,,,,***
##....###,,,***,**
##....****>***,* #.....,,,,,,,,*
**,,,**********


You could see an iguana, a hound, 2 orc wizards, 2 orcs and a jackal skeleton.

Vanquished Creatures
  4 adders
  A worm (D:3)
  2 dart slugs (D:3)
  A leopard gecko (D:1)
  2 orcs (D:5)
  2 ball pythons
  4 giant cockroaches
  7 goblins
  6 hobgoblins
  10 jackals
  6 kobolds
  2 quokkas
  5 bats (D:1)
  5 frilled lizards
  4 rats
61 creatures vanquished.

Notes
Turn   | Place    | Note
-------+----------+-------------------------------------------
     0 | D:1      | Monsterracer the Merfolk Air Elementalist began the quest for the Orb.
     0 | D:1      | Reached XP level 1. HP: 13/13 MP: 3/3
    45 | D:1      | HP: 6/13 [kobold/whip (4)]
   246 | D:1      | You fall through a shaft!
   247 | D:2      | Reached skill level 1 in Throwing
   314 | D:1      | HP: 6/13 [hobgoblin (2)]
   319 | D:1      | HP: 5/13 [giant cockroach (1)]
   324 | D:1      | Reached XP level 2. HP: 5/19 MP: 3/5
   725 | D:1      | Learned a level 2 spell: Swiftness
  1450 | D:1      | HP: 10/20 [adder (4)]
  1455 | D:1      | HP: 5/20 [adder (4)]
  1458 | D:1      | Reached skill level 1 in Polearms
  1458 | D:1      | Reached XP level 3. HP: 24/25 MP: 1/6
  1508 | D:1      | Reached skill level 2 in Polearms
  1648 | D:2      | Reached skill level 3 in Polearms
  2289 | D:2      | Reached XP level 4. HP: 31/31 MP: 2/7
  2539 | D:3      | Reached skill level 1 in Fighting
  2900 | D:3      | Reached skill level 4 in Polearms
  3934 | D:4      | Noticed Eustachio
  4023 | D:4      | Noticed othur's ghost (amateur GrFi)
  4137 | D:5      | Entered Level 5 of the Dungeon
  4221 | D:5      | Noticed wazuzu's ghost (novice DsMo)
  4234 | D:5      | HP: 14/32 [worker ant zombie (4)]
  4242 | D:5      | HP: 14/32 [worker ant zombie (1)]
  4253 | D:5      | HP: 9/32 [orc wizard/puff of flame (3)]
  4255 | D:5      | HP: 1/32 [orc wizard/puff of flame (8)]
  4255 | D:5      | Slain by an orc

Skill      XL: |  1  2  3  4 |
---------------+-------------+-----
Throwing       | 1 2 |  2.0
Polearms       | 1 3 4 |  4.3
Dodging        | 3 |  3.3
Fighting       | 1 |  1.4
Stealth        | |  2.1
Spellcasting   | |  2.0
Conjurations   | |  0.7
Air Magic      | |  2.4

Action                   |  1- 3 |  4- 6 || total
-------------------------+-------+-------++-------
Melee: Unarmed           |    11 |       ||    11
       Quarterstaff      |    48 |       ||    48
       Spear             |    50 |   123 ||   173
Throw: Tomahawk          |     2 |       ||     2
 Cast: Shock             |    15 |    15 ||    30
  Use: Potion            |     1 |       ||     1
       Scroll            |       |     8 ||     8
 Stab: Sleeping          |     4 |     1 ||     5
       Distracted        |       |     1 ||     1
  Eat: Chunk             |     4 |     7 ||    11
Armor: Robe              |     5 |       ||     5
       Ring mail         |    43 |    32 ||    75
       Scale mail        |       |    11 ||    11
Dodge: Dodged            |    97 |    63 ||   160

Vault maps used:
D:1:      dpeg_arrival_round_c
D:2:      fountainhead, minmay_tetromino_l2
D:3:      serial_forest, infiniplex_forest_lined_1,
          infiniplex_forest_clump_double, infiniplex_forest_straight_2,
          infiniplex_forest_clump_cross, infiniplex_forest_lined_4_way,
          infiniplex_forest_straight_4, first_ration
D:4:      kennysheep_nondescript, minmay_misc_feat_roman, uniq_eustachio
D:5:      tgw_trog
